 Dungeon Sprint DCSS version 0.29-a0-577-gafbf2c5d25 (webtiles) character file.

Game seed: 3584514277772870465

2348 mhtbhm the Convoker (level 9, -4/64 HPs)
             Began as a Hill Orc Summoner on June 13, 2022.
             Was a Believer of Sif Muna.
             Slain by a centaur warrior (6 damage)
             ... in the Dungeon (Sprint I: "Red Sonja").
             The game lasted 00:08:28 (1613 turns).

mhtbhm the Convoker (Hill Orc Summoner)             Turns: 1613, Time: 00:08:29

Health: -4/64      AC:  2    Str: 11    XL:     9   Next: 43%
Magic:  14/23      EV: 12    Int: 19    God:    Sif Muna [**....]
Gold:   495        SH:  0    Dex: 11    Spells: 9/28 levels left

rFire   . . .      SeeInvis .   (no weapon)
rCold   . . .      Faith    .   (no shield)
rNeg    . . .      Spirit   .   a - +0 robe
rPois   .          Reflect  .   (no helmet)
rElec   .          Harm     .   (no cloak)
rCorr   .          Rampage  .   (no gloves)
Will    .....      NoTele   +   (no boots)
Stlth   ++........              (no amulet)
HPRegen 0.20/turn               (no ring)
MPRegen 0.18/turn               (no ring)

@: hasted, very quick
A: no striking features
a: Renounce Religion, Channel Magic


You were in the Dungeon.
You worshipped Sif Muna.
Sif Muna was pleased with you.
You visited 1 branch You collected 859 gold pieces.
You spent 364 gold pieces at shops.

Inventory:

Missiles
 c - a curare-tipped dart (quivered)
Armour
 a - a +0 robe (worn)
Wands
 h - a wand of iceblast (9)
Scrolls
 g - a scroll of blinking
 i - a scroll of identify {unknown}
 j - a scroll of acquirement {unknown}
 k - a scroll of poison {unknown}
 l - a scroll of fear {unknown}
 m - a scroll of magic mapping {unknown}
Potions
 b - 2 potions of magic
 d - 2 potions of curing
 f - a potion of berserk rage


   Skills:
 + Level 1.3 Fighting
 + Level 0.5 Throwing
 + Level 3.4 Dodging
 - Level 3.8 Stealth
 + Level 10.0 Spellcasting
 + Level 2.5 Hexes
 + Level 15.6 Summonings
 + Level 2.2 Air Magic


You had 9 spell levels left.
You knew the following spells:

 Your Spells              Type           Power      Damage    Failure   Level
a - Summon Small Mammal   Summ           100%       N/A       0%          1
b - Call Imp              Summ           62%        N/A       1%          2
c - Call Canine Familiar  Summ           62%        N/A       1%          3
d - Summon Guardian Gole  Hex/Summ       44%        N/A       1%          3
e - Summon Lightning Spi  Summ/Air       43%        N/A       1%          4
f - Mephitic Cloud        Conj/Pois/Air  12%        N/A       16%         3
g - Ignite Poison         Fire/Tmut/Pois 9%         N/A       22%         3

Your spell library contained the following spells:

 Spells                   Type           Power      Damage    Failure   Level
 Freezing Cloud           Conj/Ice/Air   6%         6-21      83%         5


Dungeon Overview and Level Annotations

Branches:
Dungeon (1/1)

Altars:
Cheibriados
Dithmenos
Elyvilon
Fedhas
Gozag
Hepliaklqana
Kikubaaqudgha
Makhleb
Nemelex Xobeh
Okawaru
Qazlal
Ru
Sif Muna
Trog
Uskayaw
Vehumet
Wu Jian
Xom
Yredelemnul
Zin
The Shining One
Jiyva
Lugonu

Shops:
D ::[


Message History

Unknown command.
Unknown command.
You see here a +0 long sword.
Okay, then.
Casting: Mephitic Cloud (dangerous; 16% risk of failure)
Confirm with . or Enter, or press ? or * to list all spells.
Aiming: Mephitic Cloud (dangerous; 16% risk of failure)
Press: ? - help, Shift-Dir - straight line, f/p - centaur warrior
Aim: a centaur warrior, wielding a +0 shortbow (purple smoke, chance to affect: 53%)
The ball explodes into a vile cloud!
The stinking cloud engulfs the centaur warrior but does no damage.
The centaur warrior shoots an arrow.
The arrow hits you!
* * * LOW HITPOINT WARNING * * *
Unknown command.
Unknown command.
Okay, then.
Blink to where?
Press: ? - help, Dir - move target, p - centaur warrior
Okay, then.
You feel yourself speed up.
The centaur warrior unwields a +0 shortbow.
The centaur warrior hits you!
* * * LOW HITPOINT WARNING * * *
The centaur warrior misses you.
Unknown command.
Okay, then.
Casting: Mephitic Cloud (dangerous; 16% risk of failure)
Confirm with . or Enter, or press ? or * to list all spells.
Aiming: Mephitic Cloud (dangerous; 16% risk of failure)
Press: ? - help, Shift-Dir - straight line, f/p - centaur warrior
Aim: a centaur warrior, wielding a +0 shortbow (chance to affect: 53%) That beam is likely to hit you.
Continue anyway?
Okay, then.
Unknown command.
Unknown command.
Casting: Mephitic Cloud (dangerous; 16% risk of failure)
Confirm with . or Enter, or press ? or * to list all spells.
A guardian golem appears, shielding your allies.
The centaur warrior hits you.
You die...

.#.)'..#..'..#__#..')..#
.)..#..').#..'..').#...#
.#####'#####'#__####...+
.####..#...#.####§)#####
.#__####..##.#§≈≈§§#
.#_____##'#_.+≈≈§c§+
⌠#_.∩...'..._#§c§c.#
##_..__##_.#'##c###
#_____###'#.#9§@§###
##########)####'###.##
........'...'.....'[∩#
#++++####...##########
###.### #.#'#.# #.....#
#.....# #######


You could see 2 centaur warriors and a friendly guardian golem (summoned).

Vanquished Creatures (collateral kills)
  Sonja (D)
  A deep troll (D)
  A slime creature (D)
  Sigmund (D)
  A yak (D)
  An ogre (D)
  A jelly (D)
  Ijyb (D)
  A ballistomycete spore (D)
9 creatures vanquished.

Vanquished Creatures (others)
  2 kobold demonologists (D)
  A floating eye (D)
  A ballistomycete spore (D)
4 creatures vanquished.

Grand Total: 13 creatures vanquished

Notes
Turn   | Place    | Note
-------+----------+-------------------------------------------
     0 | D        | mhtbhm the Hill Orc Summoner began the quest for the Orb.
     0 | D        | Reached XP level 1. HP: 14/14 MP: 3/3
     5 | D        | Noticed Ijyb
     9 | D        | Killed Ijyb
    10 | D        | Reached skill level 6 in Summonings
    10 | D        | Reached XP level 2. HP: 20/20 MP: 0/5
    10 | D        | Reached XP level 3. HP: 26/26 MP: 0/6
   252 | D        | Learned a level 2 spell: Call Imp
   256 | D        | Learned a level 3 spell: Call Canine Familiar
   262 | D        | Noticed an ogre
   279 | D        | Killed an ogre
   280 | D        | Reached skill level 8 in Summonings
   280 | D        | Reached XP level 4. HP: 33/33 MP: 1/8
   525 | D        | Learned a level 3 spell: Summon Guardian Golem
   531 | D        | Noticed Sigmund
   538 | D        | Killed Sigmund
   539 | D        | Reached skill level 11 in Summonings
   539 | D        | Reached XP level 5. HP: 29/38 MP: 1/11
   539 | D        | Reached XP level 6. HP: 35/45 MP: 1/12
   551 | D        | Found an ornate altar of the Wu Jian Council.
   551 | D        | Found a shimmering blue altar of Sif Muna.
   558 | D        | Found a radiant altar of Vehumet.
   819 | D        | Learned a level 4 spell: Summon Lightning Spire
   820 | D        | Found a burning altar of Makhleb.
   820 | D        | Found a viscous altar of Jiyva.
   820 | D        | Found a shimmering altar of Xom.
   820 | D        | Found a corrupted altar of Lugonu.
   820 | D        | Noticed a slime creature
   843 | D        | Killed a slime creature
   844 | D        | Reached skill level 5 in Spellcasting
   844 | D        | Reached skill level 12 in Summonings
   844 | D        | Reached XP level 7. HP: 47/50 MP: 1/15
   971 | D        | Became a worshipper of Sif Muna the Loreminder
   979 | D        | Found Intiaqob's Book Emporium.
   979 | D        | Found an ancient bone altar of Kikubaaqudgha.
   979 | D        | Found a hazy altar of Hepliaklqana.
   979 | D        | Found a stormy altar of Qazlal.
   979 | D        | Found a hide-covered altar of Uskayaw.
   979 | D        | Found a blossoming altar of Fedhas.
   979 | D        | Found a bloodstained altar of Trog.
   979 | D        | Found an iron altar of Okawaru.
   979 | D        | Found a basalt altar of Yredelemnul.
   979 | D        | Found a glowing golden altar of the Shining One.
   979 | D        | Found a snail-covered altar of Cheibriados.
   979 | D        | Found a sacrificial altar of Ru.
   979 | D        | Found a glowing silver altar of Zin.
   979 | D        | Found a shadowy altar of Dithmenos.
   979 | D        | Found a white marble altar of Elyvilon.
   979 | D        | Noticed a yak
   983 | D        | Killed a yak
   984 | D        | Reached skill level 13 in Summonings
   991 | D        | Noticed Sonja
  1001 | D        | Killed Sonja
  1002 | D        | Reached skill level 1 in Hexes
  1002 | D        | Reached skill level 14 in Summonings
  1002 | D        | Reached skill level 1 in Air Magic
  1002 | D        | Reached XP level 8. HP: 57/58 MP: 3/20
  1025 | D        | Found an opulent altar of Gozag.
  1026 | D        | Found a sparkling altar of Nemelex Xobeh.
  1044 | D        | Found Qodorgh's Book Boutique.
  1215 | D        | Noticed a deep troll
  1230 | D        | Killed a deep troll
  1230 | D        | Reached * piety under Sif Muna
  1231 | D        | Reached skill level 1 in Fighting
  1231 | D        | Reached XP level 9. HP: 64/64 MP: 15/22
  1248 | D        | Found Nivoned's Armour Emporium.
  1340 | D        | Noticed a kobold demonologist
  1340 | D        | Noticed a kobold demonologist
  1344 | D        | Noticed a red devil
  1345 | D        | Paralysed by a floating eye for 3 turns
  1351 | D        | Reached skill level 15 in Summonings
  1354 | D        | Killed a kobold demonologist
  1362 | D        | Noticed an ice devil
  1382 | D        | Killed a kobold demonologist
  1382 | D        | Reached ** piety under Sif Muna
  1383 | D        | Reached skill level 10 in Spellcasting
  1578 | D        | Bought a Trismegistus Codex for 364 gold pieces
  1588 | D        | Learned a level 3 spell: Mephitic Cloud
  1592 | D        | Learned a level 3 spell: Ignite Poison
  1608 | D        | Noticed a centaur warrior
  1608 | D        | Noticed a centaur warrior
  1612 | D        | HP: 2/64 [centaur warrior (11)]
  1613 | D        | Slain by a centaur warrior

Illustrated notes

Levels and vault maps discovered:
D:        dungeon_sprint_1 [red_sonja_temple_1, red_sonja_temple_small_1]

Skill      XL: |  1  2  3  4  5  6  7  8  9 |
---------------+----------------------------+-----
Dodging        | 2 3 |  3.4
Spellcasting   | 2 3 4 5 8 9 10 | 10.0
Summonings     | 6 8 11 12 14 15 | 15.6
Stealth        | 2 3 |  3.8
Hexes          | 1 2 |  2.5
Air Magic      | 1 2 |  2.2
Fighting       | 1 |  1.3
Throwing       | |  0.5

Action                   |  1- 3 |  4- 6 |  7- 9 || total
-------------------------+-------+-------+-------++-------
Throw: Dart              |       |       |     1 ||     1
 Cast: Summon Small Mamm |     5 |     1 |       ||     6
       Call Canine Famil |     2 |     6 |     6 ||    14
       Call Imp          |     2 |     2 |     4 ||     8
       Summon Lightning  |       |     1 |     2 ||     3
       Summon Guardian G |       |       |     5 ||     5
       Mephitic Cloud    |       |       |     2 ||     2
  Use: Potion            |     1 |     1 |     3 ||     5
Dodge: Dodged            |     1 |     4 |     2 ||     7

Table legend: (Time is in decaauts)
 A = Elapsed time spent in this place.
 B = Non-inter-level travel time spent in this place.
 C = Inter-level travel time spent in this place.
 D = Time resting spent in this place.
 E = Time spent auto-exploring this place.
 F = Levels seen in this place.
 G = Mean time per level.
                   A        B        C        D        E       F      G
               +--------+--------+--------+--------+--------+-----+--------+
         Total |   1600 |   1600 |      0 |    960 |      0 |   1 | 1600.0 |
       Dungeon |   1600 |   1600 |      0 |    960 |      0 |   1 | 1600.0 |
               +--------+--------+--------+--------+--------+-----+--------+

Top non-repeatable levels by time:
       D: 1600 daAuts
